 Dungeon Crawl Stone Soup version 0.28.0-53-g5a82cb258f (webtiles) character file.

Game seed: 12427913157766806521

955 Zeld the Magician (level 7, -5/36 HPs)
             Began as a Deep Elf Fire Elementalist on May 21, 2022.
             Was an Initiate of Vehumet.
             Slain by a hornet zombie (13 damage)
             ... on level 5 of the Dungeon.
             The game lasted 00:04:08 (6407 turns).

Zeld the Magician (Deep Elf Fire Elementalist)      Turns: 6407, Time: 00:04:09

Health: -5/36      AC:  2    Str:  5    XL:     7   Next: 91%
Magic:  19/19      EV: 14    Int: 22    God:    Vehumet [......]
Gold:   281        SH:  0    Dex: 15    Spells: 10/20 levels left

rFire   + . .      SeeInvis .   a - staff of fire
rCold   . . .      Faith    .   (no shield)
rNeg    . . .      Spirit   .   j - +0 robe
rPois   .          Reflect  .   (no helmet)
rElec   .          Harm     .   (no cloak)
rCorr   .          Rampage  .   (no gloves)
Will    .....                   (no boots)
Stlth   ++........              f - amulet of magic regeneration
HPRegen 0.12/turn               (no ring)
MPRegen 0.56/turn               (no ring)

@: no status effects
A: no striking features
a: Renounce Religion


You were on level 5 of the Dungeon.
You worshipped Vehumet.
Vehumet was noncommittal.
You visited 2 branches of the dungeon, and saw 6 of its levels.

You collected 281 gold pieces.

Inventory:

Armour
 j - a +0 robe (worn)
Magical Staves
 a - a staff of fire (weapon)
Jewellery
 f - an amulet of magic regeneration (around neck)
Scrolls
 b - 2 scrolls of noise {unknown}
 c - a scroll of brand weapon {unknown}
 g - 2 scrolls of identify {unknown}
 i - 2 scrolls of teleportation {unknown}
 k - 2 scrolls of vulnerability {unknown}
 m - a scroll of fog {unknown}
Potions
 d - a potion of ambrosia {unknown}
 e - a potion of degeneration {unknown}
 h - 3 potions of curing {unknown}
 l - a potion of brilliance {unknown}
 n - a potion of invisibility {unknown}
 o - a potion of mutation {unknown}


   Skills:
 + Level 5.0 Dodging
 - Level 2.4 Stealth
 * Level 7.3 Spellcasting
 + Level 4.1 Conjurations
 * Level 6.6 Fire Magic


You had 10 spell levels left.
You knew the following spells:

 Your Spells              Type           Power      Damage    Failure   Level
a - Foxfire               Conj/Fire      100%       2x1d9     1%          1
b - Scorch                Fire           100%       2d10      1%          2
c - Inner Flame           Hex/Fire       34%        N/A       6%          3
d - Flame Wave            Conj/Fire      47%        2d10      9%          4

Your spell library contained the following spells:

 Spells                   Type           Power      Damage    Failure   Level
 Conjure Flame            Conj/Fire      47%        6-21      2%          3
 Beastly Appendage        Tmut           16%        N/A       8%          1
 Wereblood                Tmut           8%         N/A       12%         2
 Call Canine Familiar     Summ           8%         N/A       24%         3
 Portal Projectile        Hex/Tloc       16%        N/A       24%         3
 Spider Form              Tmut/Pois      8%         N/A       24%         3
 Leda's Liquefaction      Hex/Erth       4%         N/A       61%         4


Dungeon Overview and Level Annotations

Branches:
Dungeon (5/15)             Temple (1/1) D:4

Altars:
Ashenzari
Cheibriados
Fedhas
Gozag
Kikubaaqudgha
Makhleb
Nemelex Xobeh
Okawaru
Qazlal
Trog
Uskayaw
Vehumet
Yredelemnul
Zin

Annotations:
D:4 3 runed translucent doors, nickcage's ghost, amateur FoAK


Message History

You can't see any susceptible monsters within range! (Use Z to cast anyway.)
Casting: Scorch (safe; 1% risk of failure)
Confirm with . or Enter, or press ? or * to list all spells.
You can't see any susceptible monsters within range! (Use Z to cast anyway.)
o - a murky sapphire potion You now have 281 gold pieces (gained 20).
An ufetubus comes into view.
There are monsters nearby!
Casting: Scorch (safe; 1% risk of failure)
Confirm with . or Enter, or press ? or * to list all spells.
You feel a surge of power!
Flames lash the water moccasin skeleton.
The water moccasin skeleton is heavily damaged.
The water moccasin skeleton's fire resistance burns away.
Casting: Scorch (safe; 1% risk of failure)
Confirm with . or Enter, or press ? or * to list all spells.
You feel a surge of power!
Flames lash the water moccasin skeleton.
The water moccasin skeleton is burned terribly!
You destroy the water moccasin skeleton!
Vehumet accepts your kill.
Your Dodging skill increases to level 5!
Casting: Scorch (safe; 1% risk of failure)
Confirm with . or Enter, or press ? or * to list all spells.
You feel a surge of power!
Flames lash the ufetubus.
The ufetubus is burned terribly!
You kill the ufetubus!
Vehumet accepts your kill. The hornet zombie misses you.
Found a scroll labelled PUPYER ES NUYT.
The hornet zombie hits you. The hornet zombie misses you.
You see here a jackal corpse.
The hornet zombie misses you. The hornet zombie hits you!
The hornet zombie hits you! The hornet zombie hits you.
* * * LOW HITPOINT WARNING * * *
The hornet zombie hits you!
You die...

......†#........###......##
####..##........# #.....##
#.##.........###......## #
##.###...##.....#..(.....
###...............#....#....
...........##.........######.
......#...............# ##...
.....####........<...###.....
.....# #......>Z@....##...##
.....###...........##......#
......#......###......#...##
......##.##.####.....## ###
.........##..#.......###
....##...##......##....#
(....#...##............#
....##.#...........#...#
....#.....##.......#####


You could see a hornet zombie.

Vanquished Creatures
  Grinder (D:3)
  Eustachio (D:4)
  Edmund (D:4)
  An ogre (D:5)
  2 scorpions
  A water moccasin skeleton (D:5)
  A hound (D:5)
  Jessica (D:3)
  Terence (D:3)
  An iguana (D:5)
  8 adders
  An ufetubus (D:5)
  2 worms
  A dart slug (D:3)
  An orc (D:3)
  5 endoplasms
  3 giant cockroaches
  6 hobgoblins
  7 jackals
  7 quokkas
  7 ball pythons
  2 bats
  2 frilled lizards
  9 goblins
  8 kobolds
  4 rats
84 creatures vanquished.

Vanquished Creatures (others)
  41 foxfires (D:1)
41 creatures vanquished.

Grand Total: 125 creatures vanquished

Notes
Turn   | Place    | Note
-------+----------+-------------------------------------------
     0 | D:1      | Zeld the Deep Elf Fire Elementalist began the quest for the
                  | Orb.
     0 | D:1      | Reached XP level 1. HP: 10/10 MP: 6/6
    79 | D:1      | Found a faded altar of an unknown god.
   484 | D:1      | Reached XP level 2. HP: 15/15 MP: 5/8
   487 | D:1      | Learned a level 2 spell: Scorch
  1765 | D:2      | Reached XP level 3. HP: 19/19 MP: 7/10
  1769 | D:2      | Learned a level 3 spell: Inner Flame
  2214 | D:2      | Reached skill level 4 in Spellcasting
  2243 | D:2      | Reached XP level 4. HP: 21/24 MP: 3/12
  2248 | D:2      | Learned a level 4 spell: Flame Wave
  2821 | D:3      | Noticed Terence
  2825 | D:3      | Killed Terence
  2833 | D:3      | Noticed a scorpion
  3262 | D:3      | Killed a scorpion
  3263 | D:3      | Reached XP level 5. HP: 28/28 MP: 9/14
  3341 | D:3      | Noticed Jessica
  3346 | D:3      | Killed Jessica
  3347 | D:3      | Reached skill level 5 in Spellcasting
  3565 | D:3      | Noticed Grinder
  3566 | D:3      | Paralysed by Grinder for 6 turns
  3577 | D:3      | Killed Grinder
  3578 | D:3      | Reached skill level 5 in Fire Magic
  3578 | D:3      | Reached XP level 6. HP: 14/32 MP: 6/16
  4175 | D:4      | Noticed a +0 dagger
  4182 | D:4      | Noticed Edmund
  4194 | D:4      | Noticed a +0 spear
  4194 | D:4      | Noticed a +0 short sword
  4216 | D:4      | Found a staircase to the Ecumenical Temple.
  4225 | Temple   | Entered the Ecumenical Temple
  4541 | Temple   | Became a worshipper of Vehumet
  4636 | D:4      | Killed Edmund
  4637 | D:4      | Reached skill level 6 in Spellcasting
  4637 | D:4      | Reached XP level 7. HP: 36/36 MP: 10/18
  4829 | D:4      | Found a runed translucent gate.
  4833 | D:4      | Found a runed translucent gate.
  4833 | D:4      | Found a runed translucent gate.
  4842 | D:4      | Noticed nickcage's ghost (amateur FoAK)
  5001 | D:4      | Noticed a +0 short sword
  5001 | D:4      | Noticed a +0 falchion
  5005 | D:4      | Noticed a +0 falchion
  5006 | D:4      | Noticed a +0 spear
  5006 | D:4      | Noticed a +0 dagger
  5092 | D:4      | Found a hide-covered altar of Uskayaw.
  5228 | D:5      | Entered Level 5 of the Dungeon
  5257 | D:5      | Noticed Eustachio
  5639 | D:4      | Killed Eustachio
  5782 | D:5      | Reached skill level 7 in Spellcasting
  6379 | D:5      | Reached skill level 5 in Dodging
  6407 | D:5      | Slain by a hornet zombie

Illustrated notes

Levels and vault maps discovered:
D:1:      psy_arrival_statuary, layout_basic, ebering_ecumenical_altar_hall
D:2:      layout_basic, serial_co_window_serial, co_window_of_opportunity_a,
          co_window_of_opportunity_a, co_window_corner_a, co_window_corner_a,
          co_window_paths_a, co_window_paths_a, co_window_of_opportunity_b,
          co_window_corner_b, co_window_corner_cb, co_window_cross_2,
          minmay_misc_feat_diagonals
D:3:      layout_basic, uniq_jessica, uniq_terence, uniq_grinder
D:4:      layout_cave_pools, nicolae_uskayaw_en_pointe,
          minmay_temple_entry_arrows, gammafunk_ghost_split,
          hangedman_glass_teeth, uniq_edmund
D:5:      minmay_skewed_foursquare, layout_cave_pools, marbit_many_paths,
          uniq_eustachio
Temple:   nicolae_temple_figure_eight

Skill      XL: |  1  2  3  4  5  6  7 |
---------------+----------------------+-----
Dodging        | 3 4 5 |  5.0
Fire Magic     | 4 5 6 |  6.6
Spellcasting   | 4 5 6 7 |  7.3
Conjurations   | 2 3 4 |  4.1
Stealth        | |  2.4

Action                   |  1- 3 |  4- 6 |  7- 9 || total
-------------------------+-------+-------+-------++-------
Melee: Unarmed           |     7 |       |       ||     7
       Staff             |       |     4 |     1 ||     5
 Cast: Foxfire           |    32 |       |       ||    32
       Scorch            |    37 |    43 |    34 ||   114
 Stab: Sleeping          |     2 |       |       ||     2
       Distracted        |     1 |       |       ||     1
Armor: Robe              |     4 |     2 |     1 ||     7
Dodge: Dodged            |    21 |    27 |    15 ||    63
